[Event "Late Titled Tuesday Blitz February 8 2022"]
[White "Kraus, Tomas"]
[Black "Djokic, Mihailo"]
[WhiteFideId "331708"]
[BlackFideId "976440"]
[WhiteElo "2389"]
[BlackElo "2008"]
[Result "0-1"]
[Round "02"]
[TimeControl "180+1"]
[Date "2022.02.09"]
[WhiteClock "0:00:06"]
[BlackClock "0:00:50"]

1. e4 c5 2. Nf3 d6 3. d4 cxd4 4. Nxd4 Nf6 5. Nc3 g6 6. Be3 Bg7 7. f3 O-O 8. Qd2 Nc6 9. Bc4 Bd7 10. O-O-O Rc8 11. Bb3 Ne5 12. Bh6 Bxh6 13. Qxh6 Rxc3 14. bxc3 Qc7 15. Qd2 a5 16. a3 Qc5 17. Kb2 Rc8 18. h4 a4 19. Ba2 Nc4+ 20. Bxc4 Qxc4 21. Qd3 Qc5 22. h5 Nxh5 23. g4 Nf6 24. Qe3 Be6 25. Rde1 Qc4 26. Nxe6 fxe6 27. Qd4 Qb5+ 28. Qb4 Qe5 29. Re3 Nd5 30. Qxb7 Rxc3 31. Rxc3 Qxc3+ 32. Kb1 Qxf3 33. Re1 Qf2 34. Qc8+ Kf7 35. Rd1 Qe2 36. Rh1 Nf6 37. Qc6 Qxg4 38. Qxa4 Qf3 39. Re1 h5 40. Qc4 h4 41. a4 h3 42. a5 h2 43. Qf1 Qc3 44. a6 Qb4+ 45. Kc1 Qa3+ 46. Kd1 Kg7 47. Qh1 Qa1+ 48. Ke2 Qxa6+ 49. Kf2 Qb6+ 50. Kg3 Nh5+ 51. Kxh2 Qf2+ 52. Qg2 Qxe1 53. e5 Qxe5+ 54. Kh3 Nf4+ 0-1


[Site "https://www.chess.com"]

[Event "Late Titled Tuesday Blitz February 8 2022"]
[White "Krzyzanowski, Marcin"]
[Black "Della Morte, German"]
[WhiteFideId "1132199"]
[BlackFideId "113522"]
[WhiteElo "2816"]
[BlackElo "2561"]
[Result "0-1"]
[Round "02"]
[TimeControl "180+1"]
[Date "2022.02.09"]
[WhiteClock "0:01:18"]
[BlackClock "0:01:17"]

1. d4 Nf6 2. c4 g6 3. Nc3 Bg7 4. e4 d6 5. Be2 O-O 6. Bg5 c6 7. Qd2 Na6 8. f3 Nc7 9. h4 Ne6 10. Be3 h5 11. O-O-O a6 12. Nh3 b5 13. d5 cxd5 14. cxd5 Nc5 15. Nf4 b4 16. Nb1 Qa5 17. Bc4 Bd7 18. b3 Rfc8 19. Qc2 Bb5 20. Nd2 Nfd7 21. Kb1 Nb6 22. g4 Nxc4 23. Nxc4 Bxc4 24. bxc4 b3 25. Qg2 bxa2+ 26. Kc2 Rab8 27. Nd3 Nxd3 28. Kxd3 a1=Q 29. Rxa1 Qc3+ 30. Ke2 Rb2+ 0-1


[Site "https://www.chess.com"]

[Event "Late Titled Tuesday Blitz February 8 2022"]
[White "Ladan, Nicholas"]
[Black "Kirillov, Dmitry"]
[WhiteFideId "30918855"]
[BlackFideId "34180572"]
[WhiteElo "2272"]
[BlackElo "2076"]
[Result "1-0"]
[Round "02"]
[TimeControl "180+1"]
[Date "2022.02.09"]
[WhiteClock "0:00:10"]
[BlackClock "0:00:05"]

1. d4 Nf6 2. Bf4 b6 3. e3 Bb7 4. a4 d6 5. a5 bxa5 6. Nd2 Nbd7 7. Ngf3 g6 8. Nc4 Bg7 9. Nxa5 Qb8 10. Ra3 O-O 11. Rb3 Nb6 12. c4 Bxf3 13. Qxf3 Qc8 14. Nc6 Qd7 15. Bd3 Nh5 16. Bg5 Rfe8 17. Bxe7 Rac8 18. Bh4 f5 19. O-O Nf6 20. Nxa7 Ra8 21. Nc6 Ne4 22. d5 Nc5 23. Bc2 Nxb3 24. Bxb3 Bxb2 25. h3 Bg7 26. Re1 Ra3 27. Qd1 Rea8 28. Qc2 Ra1 29. Rxa1 Rxa1+ 30. Kh2 Qe8 31. c5 Nc8 32. cxd6 cxd6 33. Bg3 Qd7 34. Nd4 Bxd4 35. exd4 Ra7 36. Qc6 Rc7 37. Qa6 Ne7 38. Ba4 Ra7 39. Bxd7 Rxa6 40. Be6+ Kf8 41. h4 Kg7 42. Bf4 Kf6 43. Bg5+ Kg7 44. Bxe7 Rb6 45. Kg3 h6 46. f3 Ra6 47. h5 g5 48. Bxf5 Kf7 49. Bd8 Ra4 50. Be6+ Ke8 51. Bf6 Rb4 52. Bg7 Rc4 53. Bxh6 Rxd4 54. Bxg5 Kf8 55. Bf6 Rc4 56. h6 Rc1 57. h7 Rh1 58. Bh3 Rxh3+ 59. gxh3 Kf7 60. h8=Q Kg6 61. Qg7+ Kf5 62. Qg5# 1-0


[Site "https://www.chess.com"]

[Event "Late Titled Tuesday Blitz February 8 2022"]
[White "Levine, David"]
[Black "Dauner, Benedikt"]
[WhiteFideId "2011611"]
[BlackFideId "16225899"]
[WhiteElo "2114"]
[BlackElo "2230"]
[Result "0-1"]
[Round "02"]
[TimeControl "180+1"]
[Date "2022.02.09"]
[WhiteClock "0:00:01"]
[BlackClock "0:00:06"]

1. d4 Nf6 2. c4 c5 3. d5 b5 4. Nf3 Bb7 5. Nc3 b4 6. Nb1 e6 7. dxe6 fxe6 8. Nbd2 Be7 9. g3 O-O 10. Bg2 d5 11. O-O Nc6 12. b3 d4 13. Ng5 Qd7 14. Qc2 h6 15. Nge4 Rad8 16. Nxf6+ Bxf6 17. Ne4 d3 18. Nxf6+ Rxf6 19. exd3 Nd4 20. Qd1 Bf3 21. Bxf3 Nxf3+ 22. Kg2 Qb7 23. Kh3 Rd4 24. Be3 e5 25. Bxd4 Ng5+ 26. Kh4 Nf3+ 27. Kh3 cxd4 28. Qe2 Ng5+ 29. Kh4 Qd7 30. Qg4 Nf3+ 31. Kh3 Qc6 32. Qe4 Qe6+ 33. Qg4 Qc6 34. Rae1 a5 35. Re4 Nd2 36. Rfe1 Nxe4 37. Rxe4 Rxf2 38. Qh5 Qf6 39. Qxe5 Qxe5 40. Rxe5 Rxa2 41. Rd5 Ra3 42. c5 Rxb3 43. c6 a4 0-1


[Site "https://www.chess.com"]

[Event "Late Titled Tuesday Blitz February 8 2022"]
[White "Lopez Del Alamo, Antonio"]
[Black "Wachinger, Guenther"]
[WhiteFideId "2227339"]
[BlackFideId "4604261"]
[WhiteElo "2082"]
[BlackElo "2212"]
[Result "0-1"]
[Round "02"]
[TimeControl "180+1"]
[Date "2022.02.09"]
[WhiteClock "0:00:54"]
[BlackClock "0:00:39"]

1. e4 c5 2. Nf3 d6 3. d4 cxd4 4. Nxd4 Nf6 5. Nc3 g6 6. Be2 Bg7 7. Nb3 O-O 8. O-O Nc6 9. Bg5 Be6 10. f4 a5 11. a4 Bxb3 12. cxb3 e5 13. Bc4 Nd4 14. fxe5 dxe5 15. Nd5 Nxd5 16. Bxd8 Ne3 17. Qe1 Nxf1 18. Qxf1 Raxd8 19. Qf2 Kh8 20. Bxf7 Rd7 21. Rf1 Rdxf7 22. Qxf7 Rxf7 23. Rxf7 Bh6 24. Rxb7 Bd2 25. Rb5 Bb4 26. Rxe5 Nxb3 27. Rb5 Nc1 28. e5 Nd3 29. e6 Kg7 30. Rb7+ Kf6 31. Rxh7 Kxe6 32. b3 Nc5 33. Rh3 Ne4 34. Re3 Bc5 35. Kf1 Bxe3 36. Ke2 Bc5 37. Kd3 Kd5 38. g4 g5 0-1


[Site "https://www.chess.com"]

[Event "Late Titled Tuesday Blitz February 8 2022"]
[White "Lopez Mulet, Inigo"]
[Black "Ibarra Jerez, Jose Carlos"]
[WhiteFideId "22235620"]
[BlackFideId "2226332"]
[WhiteElo "2315"]
[BlackElo "2626"]
[Result "0-1"]
[Round "02"]
[TimeControl "180+1"]
[Date "2022.02.08"]
[WhiteClock "0:00:19"]
[BlackClock "0:00:42"]

1. Nf3 Nf6 2. e3 g6 3. b3 Bg7 4. Bb2 c5 5. c4 O-O 6. Nc3 d5 7. cxd5 Nxd5 8. Be2 Nb4 9. O-O Nd3 10. Ba3 Na6 11. Ne1 Ndb4 12. Bb2 Bf5 13. Bc4 Nd3 14. Nxd3 Bxd3 15. Bxd3 Qxd3 16. Qb1 Rfd8 17. Rd1 Nb4 18. Na4 Qxb1 19. Raxb1 b6 20. Bxg7 Kxg7 21. Nc3 Rd6 22. Kf1 Rad8 23. Ke2 f5 24. Nb5 R6d7 25. Rb2 Nd3 26. Rc2 e5 27. f3 a6 28. Nc3 b5 29. a4 b4 30. Na2 e4 31. Nc1 Rd5 32. Rf1 h5 33. h4 R8d7 34. fxe4 fxe4 35. Rc4 Nxc1+ 36. Rfxc1 Rxd2+ 37. Ke1 Rxg2 38. Rxc5 Rd3 39. Kf1 Rh2 40. R1c4 Rxe3 41. Rxb4 Rd3 42. Rc7+ Kh6 43. Rxe4 Rd1+ 44. Re1 Rh1+ 45. Kg2 Rhxe1 46. b4 Re4 47. b5 axb5 48. axb5 Rb4 49. b6 Rd3 0-1


[Site "https://www.chess.com"]

[Event "Late Titled Tuesday Blitz February 8 2022"]
[White "Makarian, Rudik"]
[Black "Hardaway, Brewington"]
[WhiteFideId "44105681"]
[BlackFideId "30941849"]
[WhiteElo "2486"]
[BlackElo "1768"]
[Result "1-0"]
[Round "02"]
[TimeControl "180+1"]
[Date "2022.02.08"]
[WhiteClock "0:00:15"]
[BlackClock "0:00:23"]

1. e4 e5 2. Nf3 Nc6 3. Bb5 Nf6 4. d3 Bc5 5. Bxc6 dxc6 6. Nbd2 Bd6 7. Nc4 Qe7 8. h3 h6 9. Bd2 O-O 10. Bc3 Nd7 11. O-O b6 12. a4 Ba6 13. Ne3 g6 14. Nd2 Nc5 15. Ndc4 f6 16. Qg4 Kh7 17. Nxd6 cxd6 18. f4 h5 19. Qf3 Kh6 20. b4 Ne6 21. f5 Ng5 22. Qg3 Qg7 23. b5 Bb7 24. Bb4 c5 25. Bd2 Kh7 26. c4 Nf7 27. fxg6+ Qxg6 28. Qxg6+ Kxg6 29. a5 Ng5 30. a6 Bc8 31. Nd5 Be6 32. Ne7+ Kf7 33. Nf5 Bxf5 34. Rxf5 Kg6 35. Bxg5 fxg5 36. Raf1 Rxf5 37. Rxf5 Rd8 38. Kf2 Re8 39. Ke3 h4 40. Kf3 Rg8 41. Kg4 Kh6 42. Rf7 Kg6 43. Rd7 Rf8 44. Rxd6+ 1-0


[Site "https://www.chess.com"]

[Event "Late Titled Tuesday Blitz February 8 2022"]
[White "Maksimovic, Bojan"]
[Black "Kanyamarala, Trisha"]
[WhiteFideId "14408120"]
[BlackFideId "45004722"]
[WhiteElo "2450"]
[BlackElo "2002"]
[Result "1-0"]
[Round "02"]
[TimeControl "180+1"]
[Date "2022.02.09"]
[WhiteClock "0:00:57"]
[BlackClock "0:00:05"]

1. Nf3 d5 2. e3 e6 3. b3 Nf6 4. Bb2 Bd6 5. c4 O-O 6. Nc3 c5 7. cxd5 Nxd5 8. Nxd5 exd5 9. Be2 Nc6 10. O-O d4 11. Rc1 Be7 12. exd4 cxd4 13. d3 Bf5 14. Nd2 Bg5 15. a3 Re8 16. Rc2 Qe7 17. Ne4 Bxe4 18. dxe4 Qxe4 19. Bf3 Qe6 20. Bxc6 bxc6 21. Qxd4 Bf6 22. Qc5 Bxb2 23. Rxb2 Rab8 24. b4 Rb7 25. h3 h6 26. Rc1 Rd8 27. Rbc2 Rb6 28. Qc4 Qf6 29. Re2 Qg5 30. Rce1 g6 31. Re7 Rd5 32. Rxa7 Qd2 33. Qe2 Qc3 34. Qe8+ 1-0


[Site "https://www.chess.com"]

[Event "Late Titled Tuesday Blitz February 8 2022"]
[White "Mamedyarov, Shakhriyar"]
[Black "Riehle, Marco"]
[WhiteFideId "13401319"]
[BlackFideId "12904392"]
[WhiteElo "2769"]
[BlackElo "2462"]
[Result "1-0"]
[Round "02"]
[TimeControl "180+1"]
[Date "2022.02.08"]
[WhiteClock "0:00:10"]
[BlackClock "0:00:58"]

1. e4 e5 2. Nc3 Nf6 3. d4 exd4 4. Qxd4 Nc6 5. Qd3 Bb4 6. Bd2 O-O 7. O-O-O Re8 8. Nge2 a5 9. a3 Bc5 10. f4 d6 11. h3 Bd7 12. g4 b5 13. g5 Nh5 14. Nxb5 Rb8 15. Nec3 a4 16. Be2 g6 17. Bxh5 gxh5 18. Nd5 Ne5 19. fxe5 Bxb5 20. c4 Bc6 21. Nf6+ Kf8 22. Bc3 Re6 23. Nxh7+ Kg8 24. Nf6+ Kf8 25. Rhf1 Qe7 26. g6 Rxe5 27. Qg3 Qe6 28. g7+ Ke7 29. g8=Q Rxg8 30. Nxg8+ Kd8 31. Qxe5 Be3+ 32. Kb1 Qxc4 33. Qf6+ Kc8 34. Ne7+ Kb7 35. Nxc6 Qxc6 36. Qf5 Qe8 37. Qd5+ c6 38. Qxf7+ Qxf7 39. Rxf7+ Ka6 40. Rxd6 h4 41. Rff6 Kb5 42. Rxc6 Bd4 43. Bxd4 1-0


[Site "https://www.chess.com"]

[Event "Late Titled Tuesday Blitz February 8 2022"]
[White "Marcziter, Dmitrii"]
[Black "Erdogdu, Mert"]
[WhiteFideId "13900765"]
[BlackFideId "6301495"]
[WhiteElo "2155"]
[BlackElo "2485"]
[Result "0-1"]
[Round "02"]
[TimeControl "180+1"]
[Date "2022.02.09"]
[WhiteClock "0:01:24"]
[BlackClock "0:00:41"]

1. d4 d5 2. c4 e6 3. Nc3 c5 4. e3 Nf6 5. Nf3 a6 6. a3 dxc4 7. Bxc4 b5 8. Ba2 Bb7 9. O-O Nbd7 10. d5 exd5 11. Nxd5 Be7 12. Nxe7 Qxe7 13. b4 c4 14. Bb2 O-O 15. Rc1 Rad8 16. Qe2 Ne4 17. Bb1 Rfe8 18. Rfd1 Ndf6 19. Nd4 Nd5 20. Nf5 Qg5 21. Nxg7 Ndc3 22. Bxc3 Nxc3 23. Qf1 Qxg7 24. Rxd8 Rxd8 25. Bf5 Ne2+ 0-1


[Site "https://www.chess.com"]

[Event "Late Titled Tuesday Blitz February 8 2022"]
[White "Martin Duque, Jesus"]
[Black "Savchenko, Boris"]
[WhiteFideId "2208954"]
[BlackFideId "4147332"]
[WhiteElo "2243"]
[BlackElo "2512"]
[Result "1-0"]
[Round "02"]
[TimeControl "180+1"]
[Date "2022.02.08"]
[WhiteClock "0:00:16"]
[BlackClock "0:00:01"]

1. Nf3 d5 2. b3 Nf6 3. Bb2 Bf5 4. g3 e6 5. Bg2 c5 6. d3 Qc7 7. Nbd2 Nc6 8. O-O O-O-O 9. c4 d4 10. a3 a5 11. b4 cxb4 12. Qa4 Nd7 13. Nb3 Nb6 14. Qb5 a4 15. c5 Nd5 16. Nbxd4 Nc3 17. Bxc3 bxc3 18. Nxf5 exf5 19. Qxa4 Bxc5 20. Rfc1 Qb6 21. d4 Bxd4 22. Nxd4 Nxd4 23. Rxc3+ Kb8 24. Re1 Rhe8 25. e3 Re5 26. Qd1 Qa5 27. exd4 Rxd4 28. Qxd4 Rxe1+ 29. Bf1 Qb5 30. Qd8+ Ka7 31. Qd4+ Ka6 32. Qc4 Qxc4 33. Rxc4 Kb6 34. Rb4+ Kc7 35. Kg2 Ra1 36. a4 g6 37. h4 f6 38. Rc4+ Kd6 39. Be2 b6 40. Bf3 Kd7 41. Rb4 Kc7 42. Rd4 Ra3 43. Rc4+ Kd7 44. Bd5 h6 45. Bf7 g5 46. h5 Kd6 47. Bg6 Ke5 48. Rb4 f4 49. gxf4+ gxf4 50. Rb5+ Kd4 51. Rxb6 Rxa4 52. Rxf6 Ke5 53. Rf5+ Ke6 54. Kh3 Ra3+ 55. Kg4 Ra1 56. Rxf4 Rg1+ 57. Kf3 Ke5 58. Rf8 Rg5 59. Rh8 Kf6 60. Rxh6 Re5 61. Rh7 Kg5 62. Rf7 Re6 63. Kg3 Kh6 64. Kg4 Re4+ 65. Kg3 Rg4+ 66. Kh2 Rg2+ 67. Kxg2 Kg5 68. Bb1 Kh4 69. h6 1-0


[Site "https://www.chess.com"]

[Event "Late Titled Tuesday Blitz February 8 2022"]
[White "Martinez Alcantara, Jose Eduardo"]
[Black "Ezat, Mohamed"]
[WhiteFideId "3805662"]
[BlackFideId "10600906"]
[WhiteElo "2690"]
[BlackElo "2386"]
[Result "1/2-1/2"]
[Round "02"]
[TimeControl "180+1"]
[Date "2022.02.08"]
[WhiteClock "0:00:56"]
[BlackClock "0:00:43"]

1. e4 c5 2. Nf3 Nc6 3. c3 Nf6 4. Bd3 d6 5. h3 g6 6. Bc2 Bg7 7. d4 O-O 8. d5 Ne5 9. Nxe5 dxe5 10. c4 Ne8 11. Be3 Nd6 12. Qe2 b6 13. Nc3 f5 14. f3 a6 15. Bd3 Qc7 16. O-O-O b5 17. Kb1 bxc4 18. Bxc4 Bd7 19. Ka1 Rfb8 20. Bd3 Bb5 21. g4 f4 22. Bf2 Qa5 23. Rc1 Bxd3 24. Qxd3 Rb4 25. Rc2 Rab8 26. Rhc1 c4 27. Qd2 Nb5 28. Ne2 Qxa2+ 29. Kxa2 Ra4+ 30. Kb1 Na3+ 31. Ka2 Nxc2+ 32. Kb1 Na3+ 33. Ka2 Nc2+ 34. Kb1 Na3+ 35. Ka2 Nc2+ 1/2-1/2


[Site "https://www.chess.com"]

[Event "Late Titled Tuesday Blitz February 8 2022"]
[White "Martinez Reyes, Pedro Ramon"]
[Black "Khanin, Semen"]
[WhiteFideId "3901807"]
[BlackFideId "4111990"]
[WhiteElo "2410"]
[BlackElo "2442"]
[Result "0-1"]
[Round "02"]
[TimeControl "180+1"]
[Date "2022.02.09"]
[WhiteClock "0:00:23"]
[BlackClock "0:02:11"]

1. f4 d6 2. Nf3 Nc6 3. d4 f5 4. d5 Nb8 5. Nc3 Nf6 6. Qd3 g6 7. Be3 Bg7 8. O-O-O c5 9. dxc6 Nxc6 10. Bd4 Nxd4 11. Nxd4 Bd7 12. e4 fxe4 13. Nxe4 Qb6 14. Ng5 Ng4 15. Qc4 Rf8 16. c3 Rc8 17. Qd5 Ne3 18. Qf3 Nxd1 19. Qxd1 Bxd4 0-1


[Site "https://www.chess.com"]

[Event "Late Titled Tuesday Blitz February 8 2022"]
[White "Martirosyan, Haik M."]
[Black "Tregubov, Pavel V."]
[WhiteFideId "13306553"]
[BlackFideId "4115341"]
[WhiteElo "2735"]
[BlackElo "2341"]
[Result "1-0"]
[Round "02"]
[TimeControl "180+1"]
[Date "2022.02.09"]
[WhiteClock "0:01:08"]
[BlackClock "0:01:05"]

1. c4 c5 2. Nc3 Nf6 3. g3 d5 4. cxd5 Nxd5 5. Bg2 Nc7 6. d3 e5 7. Be3 Nc6 8. Bxc6+ bxc6 9. Rc1 Ne6 10. Nf3 f6 11. Ne4 Nd4 12. O-O Bh3 13. Re1 Qb6 14. Nfd2 Be7 15. Nb3 Nxb3 16. axb3 O-O 17. Bxc5 Bxc5 18. Nxc5 Rfd8 19. Qc2 Rab8 20. Ra1 a5 21. Qc3 Ra8 22. Ra4 Rd5 23. b4 Ra7 24. Qc4 axb4 25. Rxa7 Qxa7 26. e4 Qxc5 27. exd5 Qxd5 28. Rc1 Bf5 29. Qxc6 Qxc6 30. Rxc6 Bxd3 31. Rb6 1-0


[Site "https://www.chess.com"]

[Event "Late Titled Tuesday Blitz February 8 2022"]
[White "Medeiros Jr, Francisco De Assis"]
[Black "Lysiak-Poltorak, Magdalena"]
[WhiteFideId "2114267"]
[BlackFideId "1117335"]
[WhiteElo "1998"]
[BlackElo "2504"]
[Result "0-1"]
[Round "02"]
[TimeControl "180+1"]
[Date "2022.02.09"]
[WhiteClock "0:00:07"]
[BlackClock "0:00:33"]

1. d4 Nf6 2. Nf3 g6 3. Bg5 Bg7 4. Nbd2 d5 5. e3 O-O 6. Bd3 Bf5 7. O-O Nbd7 8. Qe2 c6 9. c4 e6 10. e4 dxe4 11. Nxe4 h6 12. Bh4 g5 13. Bg3 Nxe4 14. Bxe4 Bxe4 15. Qxe4 Nf6 16. Qc2 Nh5 17. Rad1 Nxg3 18. hxg3 Qc7 19. Rd3 Rfd8 20. Rfd1 Rd7 21. Qb3 Rad8 22. d5 exd5 23. cxd5 cxd5 24. Rxd5 Rxd5 25. Rxd5 Rxd5 26. Qxd5 Bxb2 27. Qe4 Bf6 28. g4 Kg7 29. g3 b6 30. Kg2 a5 31. Nd2 Qe7 32. Qd3 Qe6 33. Nc4 Qc6+ 34. Kg1 Qb5 35. Qe4 Qb4 36. Qd3 Qc3 37. Qxc3 Bxc3 38. Nxb6 Kf6 39. Kf1 Ke5 40. Ke2 Kd4 41. Na4 Bb4 42. Nb6 Kc3 43. Kd1 Kb2 44. a4 Kb3 45. f4 Bc5 46. Nd7 Bd4 47. fxg5 hxg5 48. Kd2 Kxa4 49. Kd3 Bf2 50. Ne5 Bxg3 51. Nxf7 Bf4 52. Kc3 Kb5 53. Nd8 Kc5 54. Ne6+ Kd6 55. Ng7 Ke5 56. Kb3 Bd2 57. Kc2 Bb4 58. Nh5 Ke4 59. Kb3 Kf3 60. Nf6 Kf4 61. Nd5+ Kxg4 0-1


[Site "https://www.chess.com"]

[Event "Late Titled Tuesday Blitz February 8 2022"]
[White "Mekhitarian, Krikor Sevag"]
[Black "Krstulovic, Alex"]
[WhiteFideId "2107660"]
[BlackFideId "760056"]
[WhiteElo "2598"]
[BlackElo "2193"]
[Result "1-0"]
[Round "02"]
[TimeControl "180+1"]
[Date "2022.02.08"]
[WhiteClock "0:00:03"]
[BlackClock "0:00:01"]

1. e4 c5 2. Nf3 e6 3. d4 cxd4 4. Nxd4 Nf6 5. Nc3 Nc6 6. Be2 Qc7 7. Be3 a6 8. O-O d6 9. f4 Nxd4 10. Bxd4 e5 11. Be3 Be6 12. f5 Bd7 13. Bg5 Be7 14. Bxf6 Bxf6 15. Nd5 Qc5+ 16. Kh1 Bd8 17. Rf3 Bc6 18. Rd3 Rc8 19. b4 Qa7 20. c4 Bxd5 21. Rxd5 Be7 22. f6 Bxf6 23. Rxd6 O-O 24. c5 Rfd8 25. Bc4 Qb8 26. Rd7 Rxd7 27. Qxd7 Rc7 28. Qd5 h6 29. Rd1 b6 30. c6 b5 31. Bb3 Qb6 32. Rc1 Qe3 33. Qd1 Qxe4 34. Bd5 Qxb4 35. g3 e4 36. Qe2 Bg5 37. Rf1 e3 38. Rxf7 Rxf7 39. Qf3 Qb1+ 40. Kg2 Qc2+ 41. Kh3 Kh8 42. Qxf7 Kh7 43. Qe6 1-0


[Site "https://www.chess.com"]

[Event "Late Titled Tuesday Blitz February 8 2022"]
[White "Migot, Tangi"]
[Black "Terletsky, Oleg"]
[WhiteFideId "662445"]
[BlackFideId "14116774"]
[WhiteElo "2540"]
[BlackElo "2050"]
[Result "1-0"]
[Round "02"]
[TimeControl "180+1"]
[Date "2022.02.09"]
[WhiteClock "0:00:54"]
[BlackClock "0:00:11"]

1. e4 e5 2. Nc3 Nf6 3. g3 Bc5 4. Bg2 d6 5. d3 a6 6. Nh3 Bg4 7. f3 Be6 8. Ng5 Bd7 9. f4 Nc6 10. f5 g6 11. Rf1 h6 12. fxg6 fxg6 13. Nf3 Ng4 14. Qe2 O-O 15. h3 Rxf3 16. Qxf3 Nd4 17. Qf7+ Kh8 18. hxg4 Nxc2+ 19. Kd1 Nd4 20. Bxh6 Bxg4+ 21. Kd2 Qg8 22. Qf6+ Kh7 23. Rh1 Bh5 24. Raf1 Kxh6 25. Rxh5+ Kxh5 26. Qh4# 1-0


[Site "https://www.chess.com"]

[Event "Late Titled Tuesday Blitz February 8 2022"]
[White "Mladenovic, Stefan"]
[Black "Svane, Rasmus"]
[WhiteFideId "942227"]
[BlackFideId "4657101"]
[WhiteElo "2355"]
[BlackElo "2645"]
[Result "0-1"]
[Round "02"]
[TimeControl "180+1"]
[Date "2022.02.08"]
[WhiteClock "0:00:02"]
[BlackClock "0:00:04"]

1. d4 Nf6 2. Nf3 d5 3. c4 e6 4. Nc3 a6 5. cxd5 exd5 6. Bg5 Be6 7. e3 Nbd7 8. Bd3 Bd6 9. O-O c6 10. Rb1 Qc7 11. h3 h6 12. Bxf6 Nxf6 13. b4 O-O 14. a4 Rfe8 15. Qc2 g6 16. Rfc1 Kg7 17. b5 cxb5 18. axb5 Ba3 19. b6 Qe7 20. Rd1 Rec8 21. Qb3 Bd6 22. Rdc1 Rc6 23. Ne2 Rac8 24. Rxc6 Rxc6 25. Rc1 Rxc1+ 26. Nxc1 Qd8 27. Ne2 Nd7 28. Nf4 Bxf4 29. exf4 Qxb6 30. Qc3 Nf6 31. Ne5 a5 32. g4 a4 33. f5 gxf5 34. gxf5 Bd7 35. Bc2 Qa6 36. Qg3+ Kf8 37. Qh4 Ke7 38. Qxh6 Be8 39. Qg7 a3 40. Bb3 Qb6 41. Ba2 Qxd4 42. Ng6+ Kd8 43. Bb3 fxg6 44. fxg6 Qe5 0-1


[Site "https://www.chess.com"]

[Event "Late Titled Tuesday Blitz February 8 2022"]
[White "Mogranzini, Roberto"]
[Black "Kalajzic, Ivan"]
[WhiteFideId "810894"]
[BlackFideId "14506378"]
[WhiteElo "2469"]
[BlackElo "2163"]
[Result "1-0"]
[Round "02"]
[TimeControl "180+1"]
[Date "2022.02.09"]
[WhiteClock "0:00:19"]
[BlackClock "0:00:27"]

1. e4 Nc6 2. Nf3 d6 3. Bb5 g6 4. d4 Bg7 5. h3 Nf6 6. Nc3 O-O 7. O-O a6 8. Bd3 e5 9. d5 Ne7 10. Ne2 Ne8 11. c4 f5 12. Ng5 f4 13. f3 Bf6 14. Ne6 Bxe6 15. dxe6 Kh8 16. Nc3 Bh4 17. Bd2 Ng7 18. Be1 Bxe1 19. Qxe1 Nxe6 20. Rd1 Nd4 21. Ne2 c5 22. Nxd4 exd4 23. e5 Qc7 24. exd6 Qxd6 25. Rf2 Ng8 26. Re2 Nf6 27. Re6 Qd8 28. Qe5 Rc8 29. Re1 Rc7 30. Qxf4 Rcf7 31. Qe5 Kg8 32. Qxc5 Nh5 33. Rd6 Qh4 34. Re4 Nf4 35. Bf1 Qg3 36. Rxf4 Qxf4 37. Qxd4 Qxd4+ 38. Rxd4 Rc7 39. b3 Kg7 40. Bd3 Rff7 41. Be4 Rfd7 42. Bd5 Re7 43. Kf2 b6 44. Rd2 a5 45. h4 Rc8 46. g4 Rce8 47. Be4 Kf6 48. Rd6+ Re6 49. Rd5 Re5 50. Rd7 R8e7 51. g5+ Kf7 52. Rd6 Rc5 53. Rxb6 Rcc7 54. Rb5 Ra7 55. c5 a4 56. b4 a3 57. c6 Rac7 58. Rc5 Ke6 59. b5 Kd6 60. Rc3 Rc8 61. b6 Rb8 62. b7 Rc7 63. Rxa3 Rxc6 64. Bxc6 Kxc6 65. Rb3 1-0


[Site "https://www.chess.com"]

[Event "Late Titled Tuesday Blitz February 8 2022"]
[White "Moreira, Ronaldo Alonso"]
[Black "Karas, Marek"]
[WhiteFideId "2110547"]
[BlackFideId "14928558"]
[WhiteElo "2037"]
[BlackElo "2270"]
[Result "0-1"]
[Round "02"]
[TimeControl "180+1"]
[Date "2022.02.09"]
[WhiteClock "0:00:02"]
[BlackClock "0:01:40"]

1. d4 Nf6 2. c4 c5 3. d5 b5 4. cxb5 a6 5. bxa6 e6 6. dxe6 fxe6 7. g3 Bxa6 8. Bg2 d5 9. Nf3 Bd6 10. O-O O-O 11. Re1 Nc6 12. Ng5 Qd7 13. e4 Be5 14. exd5 exd5 15. Nc3 Rad8 16. Qa4 Bb7 17. Qh4 h6 18. Nf3 Bb8 19. b3 Nb4 20. Bh3 Qc6 21. Re6 Rd6 22. Rxd6 Qxd6 23. Bf4 Qc6 24. Bxb8 Rxb8 25. Rd1 d4 26. Bg2 dxc3 27. Qc4+ Kh8 28. Nh4 c2 0-1


[Site "https://www.chess.com"]

[Event "Late Titled Tuesday Blitz February 8 2022"]
[White "Moroni, Luca Jr"]
[Black "Solon, Nathan"]
[WhiteFideId "865834"]
[BlackFideId "2017229"]
[WhiteElo "2809"]
[BlackElo "2547"]
[Result "1-0"]
[Round "02"]
[TimeControl "180+1"]
[Date "2022.02.09"]
[WhiteClock "0:00:22"]
[BlackClock "0:00:51"]

1. d4 d5 2. Bf4 c5 3. e3 cxd4 4. exd4 Nc6 5. c3 f6 6. Nf3 Bg4 7. h3 Bh5 8. Be2 e6 9. O-O Bd6 10. Bxd6 Qxd6 11. c4 Nge7 12. Nc3 O-O 13. c5 Qd7 14. a3 Rad8 15. b4 a6 16. Rb1 e5 17. dxe5 Bxf3 18. Bxf3 fxe5 19. Bg4 Qe8 20. b5 axb5 21. Nxb5 Qg6 22. Nd6 Ra8 23. Rxb7 Rxa3 24. Bd7 Nd4 25. Qg4 Qd3 26. Be6+ Kh8 27. Rfb1 Rb3 28. R1xb3 Nxb3 29. Rxe7 1-0


[Site "https://www.chess.com"]

[Event "Late Titled Tuesday Blitz February 8 2022"]
[White "Musovic, Armin"]
[Black "Prieto Aranguren, Alain"]
[WhiteFideId "939935"]
[BlackFideId "2268906"]
[WhiteElo "2250"]
[BlackElo "2235"]
[Result "1-0"]
[Round "02"]
[TimeControl "180+1"]
[Date "2022.02.09"]
[WhiteClock "0:01:16"]
[BlackClock "0:00:58"]

1. a3 a5 2. Nc3 d5 3. e4 d4 4. Nce2 e5 5. Ng3 c5 6. Bb5+ Nc6 7. d3 a4 8. Bd2 h5 9. Nxh5 Bd7 10. Ng3 Nf6 11. h3 Qb6 12. Bxc6 Bxc6 13. Rb1 Bd6 14. Nf5 Bf8 15. Ng3 Bd7 16. N1e2 Rc8 17. O-O Be6 18. f4 exf4 19. Nxf4 Bd6 20. e5 Bxe5 21. Re1 Qc7 22. Qf3 O-O 23. Re2 Bxf4 24. Bxf4 Qd7 25. Rbe1 Nd5 26. Bd2 c4 27. Ne4 cxd3 28. cxd3 Rc2 29. Qg3 Ne3 30. Nf6+ 1-0


[Site "https://www.chess.com"]

[Event "Late Titled Tuesday Blitz February 8 2022"]
[White "Nepomniachtchi, Ian"]
[Black "Suder, Jakub"]
[WhiteFideId "4168119"]
[BlackFideId "1195310"]
[WhiteElo "2740"]
[BlackElo "2058"]
[Result "1-0"]
[Round "02"]
[TimeControl "180+1"]
[Date "2022.02.09"]
[WhiteClock "0:01:26"]
[BlackClock "0:00:13"]

1. e4 c5 2. Nf3 e6 3. d4 cxd4 4. Nxd4 Nc6 5. Nc3 Nf6 6. Ndb5 Bc5 7. Bf4 O-O 8. Bc7 Qe7 9. Bd6 Bxd6 10. Qxd6 Qd8 11. h4 a6 12. Nd4 Qb6 13. Nxc6 bxc6 14. O-O-O Qxf2 15. Bd3 Ne8 16. Qh2 d6 17. Rhf1 Qe3+ 18. Kb1 e5 19. Bc4 Be6 20. Rf3 Qh6 21. Bxe6 Qxe6 22. g4 Rd8 23. g5 d5 24. Rf5 f6 25. gxf6 gxf6 26. Qf2 Ng7 27. Rg1 Kh8 28. Rf3 f5 29. exf5 Rxf5 30. Qa7 Rg8 31. Rfg3 Qf6 32. Qxa6 e4 33. a4 Rf3 34. a5 Rxg3 35. Rxg3 Nf5 36. Rxg8+ Kxg8 37. Qc8+ Kg7 38. a6 Qe7 39. Qb7 1-0


[Site "https://www.chess.com"]

[Event "Late Titled Tuesday Blitz February 8 2022"]
[White "Niemann, Hans Moke"]
[Black "Hasangatin, Ramil"]
[WhiteFideId "2093596"]
[BlackFideId "4122160"]
[WhiteElo "2636"]
[BlackElo "2375"]
[Result "1-0"]
[Round "02"]
[TimeControl "180+1"]
[Date "2022.02.08"]
[WhiteClock "0:01:35"]
[BlackClock "0:00:23"]

1. d4 Nf6 2. Nc3 d5 3. Bf4 c5 4. e4 Nxe4 5. Nxe4 dxe4 6. dxc5 Qxd1+ 7. Rxd1 Nc6 8. Be3 e5 9. Bc4 f5 10. g3 f4 11. gxf4 exf4 12. Bxf4 Bxc5 13. Ne2 Bg4 14. Rg1 h5 15. h3 Bxh3 16. Rxg7 Bg4 17. Rxb7 Rf8 18. Bb5 Rc8 19. Rd5 Be7 20. Re5 Bd7 21. Rxe4 Rf5 22. Nd4 Rd5 23. Rxd7 Kxd7 24. Bxc6+ 1-0


[Site "https://www.chess.com"]